 Dungeon Crawl Stone Soup version 0.28.0-49-g6dfe1f597d (webtiles) character file.

Game seed: 11857995295011575862

53 issech the Covered (level 3, -9/31 HPs)
             Began as a Gnoll Wanderer on May 18, 2022.
             Mangled by Sigmund
             ... wielding a +1 scythe of distortion
              (11 damage)
             ... on level 2 of the Dungeon.
             The game lasted 00:05:06 (1149 turns).

issech the Covered (Gnoll Wanderer)                 Turns: 1149, Time: 00:05:06

Health: -9/31      AC:  9    Str: 11    XL:     3   Next: 89%
Magic:  4/4        EV: 11    Int:  8    God:
Gold:   79         SH:  0    Dex: 16    Spells: 4/4 levels left

rFire   . . .      SeeInvis .   a - +2 hand axe
rCold   . . .      Faith    .   (no shield)
rNeg    . . .      Spirit   .   j - +0 ring mail
rPois   .          Reflect  .   i - +0 helmet
rElec   .          Harm     .   (no cloak)
rCorr   .          Rampage  .   c - +0 pair of gloves
Will    .....                   (no boots)
Stlth   ..........              (no amulet)
HPRegen 0.10/turn               (no ring)
MPRegen 0.09/turn               (no ring)

@: confused
A: fangs 1, strong nose, distributed training
a: no special abilities


You were on level 2 of the Dungeon.
You visited 1 branch of the dungeon, and saw 2 of its levels.

You collected 79 gold pieces.

Inventory:

Hand Weapons
 a - a +2 hand axe (weapon)
 b - a +0 short sword
 n - a +0 mace
Missiles
 e - 21 stones (quivered)
 f - 26 arrows
Armour
 c - a +0 pair of gloves (worn)
 d - a +0 leather armour
 i - a +0 helmet (worn)
 j - a +0 ring mail (worn)
Scrolls
 h - 2 scrolls of fog {unknown}
 k - a scroll of silence {unknown}
Potions
 g - a potion of degeneration {unknown}
 l - a potion of berserk rage {unknown}
 m - a potion of magic {unknown}


   Skills:
 + Level 4.6 Fighting
 + Level 2.6 Short Blades
 + Level 1.0 Long Blades
 + Level 4.6 Axes
 + Level 1.0 Maces & Flails
 + Level 1.0 Polearms
 + Level 1.0 Staves
 + Level 1.0 Slings
 + Level 1.0 Bows
 + Level 1.0 Crossbows
 + Level 1.0 Throwing
 + Level 6.5 Armour
 + Level 2.6 Dodging
 + Level 2.4 Stealth
 + Level 1.0 Shields
 + Level 1.0 Unarmed Combat
 + Level 1.0 Spellcasting
 + Level 0.7 Conjurations
 + Level 0.7 Hexes
 + Level 0.7 Summonings
 + Level 0.7 Necromancy
 + Level 0.7 Translocations
 + Level 0.7 Transmutations
 + Level 0.7 Fire Magic
 + Level 0.7 Ice Magic
 + Level 0.7 Air Magic
 + Level 0.7 Earth Magic
 + Level 0.7 Poison Magic
 + Level 1.0 Invocations
 + Level 1.0 Evocations


You had 4 spell levels left.
You didn't know any spells.
Your spell library contained the following spells:

 Spells                   Type           Power      Damage    Failure   Level
 Magic Dart               Conj           4%         1d3       54%         1
 Call Imp                 Summ           1%         N/A       67%         2
 Mephitic Cloud           Conj/Pois/Air  1%         N/A       88%         3


Dungeon Overview and Level Annotations

Branches:
Dungeon (2/15)

Altars:

Annotations:
D:2 Sigmund


Innate Abilities, Weirdness & Mutations

You have very sharp teeth.
Your uncanny sense of smell can sniff out nearby items.
Your experience applies equally to all skills.


Message History

An orc comes into view. It is wielding a +0 mace.
The orc shouts!
You hit the orc.
The orc is lightly wounded.
The orc hits you but does no damage.
You hit the orc. You punch the orc.
The orc is severely wounded.
The orc hits you but does no damage.
You hit the orc.
You kill the orc!
Things that are here:
a +0 mace; a +0 ring mail; an orc corpse
n - a +0 mace
Okay, then.
Found a leather armour.
You see here a +0 leather armour.
You now have 79 gold pieces (gained 6).
There is a stone staircase leading down here.
You see here 3 gold pieces.
The helpless Sigmund fails to defend himself.
You hit Sigmund.
Sigmund is lightly wounded.
Sigmund gestures wildly while chanting.
Sigmund flickers and vanishes!
Deactivating autopickup; reactivate with Ctrl-A.
You closely miss something. Something hits you. Space warps around you.
You miss something. Something hits you. Space warps around you.
You completely miss something. Your bite misses something.
You closely miss something. Your bite misses something. Something hits you.
You hit something.
You hear some strange, mumbled words.
A puff of flame appears from out of thin air!
The puff of flame hits you!
* * * LOW HITPOINT WARNING * * *
Unknown command.
You hear some strange, mumbled words.
You are confused.
There is a stone staircase leading down here.
Something hits you but does no damage. Space warps horribly around you!
You die...

#########.#. #########
#....#.#. #$......# #....#.#.
#.......# #.#[...#. #>......#
# #.#..#### #.......##.#
#.#...... #..........#
#.####### #.....${# #...#
#####@#..# #.###.#####
######.#..# #..........
#....#.#..# #####......
#....#.#..# #......
#....#.#..#############
#....#.##..............
#######....#.################
#............###########
#......................#


There were no monsters in sight!

Vanquished Creatures
  An adder (D:2)
  An orc (D:2)
  3 bats
  2 endoplasms
  A giant cockroach (D:2)
  6 goblins
  6 hobgoblins
  2 kobolds
  2 quokkas
  8 ball pythons
  2 frilled lizards (D:1)
  3 rats
37 creatures vanquished.

Notes
Turn   | Place    | Note
-------+----------+-------------------------------------------
     0 | D:1      | issech the Gnoll Wanderer began the quest for the Orb.
     0 | D:1      | issech set off with the following items: a +2 hand axe, a
                  | +0 short sword, a +0 pair of gloves, a +0 leather armour
     0 | D:1      | Reached XP level 1. HP: 20/20 MP: 1/1
    84 | D:1      | Reached XP level 2. HP: 15/26 MP: 2/2
   485 | D:2      | Reached XP level 3. HP: 28/31 MP: 3/3
   673 | D:2      | Reached skill level 1 in Invocations
   840 | D:2      | Noticed Sigmund
   897 | D:2      | Reached skill level 1 in Long Blades
   897 | D:2      | Reached skill level 1 in Maces & Flails
   897 | D:2      | Reached skill level 1 in Polearms
   897 | D:2      | Reached skill level 1 in Staves
   897 | D:2      | Reached skill level 1 in Slings
   897 | D:2      | Reached skill level 1 in Bows
   897 | D:2      | Reached skill level 1 in Crossbows
   897 | D:2      | Reached skill level 1 in Throwing
   897 | D:2      | Reached skill level 1 in Shields
   897 | D:2      | Reached skill level 1 in Unarmed Combat
   897 | D:2      | Reached skill level 1 in Spellcasting
   897 | D:2      | Reached skill level 1 in Evocations
  1149 | D:2      | Mangled by Sigmund

Illustrated notes

Levels and vault maps discovered:
D:1:      minmay_arrival_solitary_statue, layout_rooms
D:2:      layout_basic, uniq_sigmund

Skill      XL: |  1  2  3 |
---------------+----------+-----
Invocations    | 1 |  1.0
Long Blades    | 1 |  1.0
Maces & Flails | 1 |  1.0
Polearms       | 1 |  1.0
Staves         | 1 |  1.0
Slings         | 1 |  1.0
Bows           | 1 |  1.0
Crossbows      | 1 |  1.0
Throwing       | 1 |  1.0
Shields        | 1 |  1.0
Unarmed Combat | 1 |  1.0
Spellcasting   | 1 |  1.0
Evocations     | 1 |  1.0
Fighting       | |  4.6
Short Blades   | |  2.6
Axes           | |  4.6
Armour         | |  6.5
Dodging        | |  2.6
Stealth        | |  2.4
Conjurations   | |  0.7
Hexes          | |  0.7
Summonings     | |  0.7
Necromancy     | |  0.7
Translocations | |  0.7
Transmutations | |  0.7
Fire Magic     | |  0.7
Ice Magic      | |  0.7
Air Magic      | |  0.7
Earth Magic    | |  0.7
Poison Magic   | |  0.7

Action                   || total
-------------------------++-------
Melee: Hand axe          ||    84
       Bite              ||     4
       Punch             ||     3
 Stab: Sleeping          ||     5
       Distracted        ||     1
Armor: Leather armour    ||    21
       Ring mail         ||    15
Dodge: Dodged            ||    35
